 Dungeon Crawl Stone Soup version 0.27.0-1-g7a089689b8 (webtiles) character file.

Game seed: 5607857052689406964

118 fiver49 the Poker (level 5, -4/38 HPs)
             Began as a Formicid Warper on Aug 2, 2021.
             Slain by an orc (6 damage)
             ... on level 4 of the Dungeon.
             The game lasted 00:04:53 (4119 turns).

fiver49 the Poker (Formicid Warper)                 Turns: 4119, Time: 00:04:54

Health: -4/38      AC:  6    Str: 16    XL:     5   Next: 23%
Magic:  8/8        EV: 10    Int: 13    God:
Gold:   124        SH:  0    Dex: 10    Spells: 8/8 levels left

rFire    . . .     SeeInvis +   a - +0 spear
rCold    . . .     Faith    .   (no shield)
rNeg     . . .     Spirit   .   d - +0 ring mail
rPois    .         Reflect  .   (helmet unavailable)
rElec    .         Harm     .   e - +0 cloak
rCorr    .         Rampage  .   (no gloves)
Will     .....                  (no boots)
Stlth    ..........             (no amulet)
HPRegen  0.12/turn              (no ring)
MPRegen  0.11/turn              (no ring)

@: no status effects
A: permanent stasis, dig shafts and tunnels, antennae 3, four strong arms
a: Dig, Shaft Self


You were on level 4 of the Dungeon.
You visited 1 branch of the dungeon, and saw 4 of its levels.

You collected 124 gold pieces.

Inventory:

Hand Weapons
 a - a +0 spear (weapon)
Missiles
 o - 18 poisoned darts (quivered)
Armour
 b - a +0 leather armour
 d - a +0 ring mail (worn)
 e - a +0 cloak (worn)
 j - a +0 chain mail
Wands
 r - a wand of iceblast (17)
Scrolls
 g - 4 scrolls of teleportation {unknown}
 i - 2 scrolls of identify {unknown}
 k - a scroll of immolation {unknown}
 l - 3 scrolls of noise {unknown}
 q - a scroll of acquirement {unknown}
 s - a scroll of enchant weapon {unknown}
 t - 2 scrolls of amnesia {unknown}
Potions
 f - 2 potions of curing {unknown}
 h - 2 potions of magic {unknown}
 m - 2 potions of flight {unknown}
 n - a potion of degeneration {unknown}
 p - a potion of invisibility {unknown}


   Skills:
 - Level 2.1 Fighting
 + Level 5.0 Polearms
 - Level 1.0 Throwing
 - Level 1.1 Armour
 - Level 1.7 Dodging
 - Level 2.1 Spellcasting
 - Level 2.6 Translocations


You had 8 spell levels left.
You didn't know any spells.
Your spell library contained the following spells:

 Spells                   Type           Power      Damage    Failure   Level
 Gell's Gravitas          Tloc           4%         N/A       43%         3
 Lesser Beckoning         Tloc           4%         N/A       43%         3
 Teleport Other           Tloc           8%         N/A       43%         3
 Corpse Rot               Necr/Air       N/A        N/A       58%         2
 Sublimation of Blood     Necr           0%         N/A       58%         2
 Dispel Undead            Necr           1%         3d6       99%         4
 Petrify                  Tmut/Erth      1%         N/A       99%         4
 Manifold Assault         Tloc           8%         N/A       99%         5
 Irradiate                Conj/Tmut      0%         3d13      100%        5
 Death Channel            Necr           0%         N/A       100%        6
 Blink                    Tloc           Unusable   N/A       N/A         2

Dungeon Overview and Level Annotations

Branches:
Dungeon (4/15)
 Temple: D:4-7

Altars:

Annotations:
D:4 Duvessa


Innate Abilities, Weirdness & Mutations

You cannot be hasted, slowed, berserked, paralysed or teleported.
You can dig through walls and to a lower floor.
You have a pair of large antennae on your head. (SInv)
Your four strong arms can wield two-handed weapons with a shield.


Message History

You hit the orc.
The orc is severely wounded.
The orc hits you with a +0 mace.
An orc comes into view. It is wielding a +0 war axe.
You barely miss the orc.
The orc is severely wounded.
The orc shouts!
The orc hits you but does no damage.
You completely miss the orc.
The orc is severely wounded.
You hit the orc priest.
The orc priest is moderately wounded.
The orc hits you with a +0 mace.
The orc priest calls down the wrath of Beogh upon you.
Beogh smites you!
You closely miss the orc priest.
The orc priest is moderately wounded.
The orc hits you but does no damage. The orc hits you with a +0 mace.
You hit the orc priest.
The orc priest is heavily wounded.
The orc priest hits you with a +0 hand axe.
The orc hits you but does no damage. The orc barely misses you.
You hit the orc priest but do no damage.
The orc priest is heavily wounded.
The orc priest hits you with a +0 hand axe.
* * * LOW HITPOINT WARNING * * *
The orc hits you with a +0 mace.
* * * LOW HITPOINT WARNING * * *
The orc completely misses you.
Throw: boomerang (disperse)
Press: ? - help, Q - select action, (/) - cycle Shift-Dir - straight line, f - orc priest
Aim: an orc priest, wielding a +0 hand axe (heavily wounded, 56% to hit)
You throw a boomerang of dispersal.
The boomerang of dispersal hits the orc priest.
The orc priest blinks!
The orc priest is severely wounded.
The orc hits you with a +0 mace.
* * * LOW HITPOINT WARNING * * *
The orc hits you with a +0 war axe.
You die...

##### ### ###.... ...
....... #####.#######
####....
#.#....oo......
...#....
.>...o§@.......
..#....
#.#.#...)######
..#.... #(.......#
#.#....
##.#.###.#####.#....
...#......)....#...(
...#######.#####..####
.... ###.# ##.# ...
#...# #.## ... #..<#
#.)#


You could see an orc priest and 2 orcs.

Vanquished Creatures
  4 adders
  4 dart slugs
  A worm (D:2)
  5 orcs (D:4)
  4 ball pythons
  7 endoplasms
  5 giant cockroaches
  2 goblins
  5 hobgoblins
  5 jackals
  8 kobolds
  A quokka (D:2)
  3 bats
  2 frilled lizards (D:1)
  7 rats
63 creatures vanquished.

Vanquished Creatures (others)
  A hobgoblin (D:3)
1 creature vanquished.

Grand Total: 64 creatures vanquished

Notes
Turn   | Place    | Note
-------+----------+-------------------------------------------
     0 | D:1      | fiver49 the Formicid Warper began the quest for the Orb.
     0 | D:1      | Reached XP level 1. HP: 16/16 MP: 3/3
    60 | D:1      | Found a faded altar of an unknown god.
   162 | D:1      | Reached XP level 2. HP: 22/22 MP: 5/5
   277 | D:1      | Reached skill level 3 in Polearms
   540 | D:1      | Reached XP level 3. HP: 23/27 MP: 6/6
  1570 | D:2      | Reached skill level 4 in Polearms
  1570 | D:2      | Reached XP level 4. HP: 15/33 MP: 7/7
  3199 | D:3      | Reached XP level 5. HP: 21/38 MP: 8/8
  3622 | D:4      | Noticed Duvessa
  3972 | D:4      | Reached skill level 5 in Polearms
  4030 | D:4      | Noticed an ogre
  4119 | D:4      | Slain by an orc

Illustrated notes

Levels and vault maps discovered:
D:1:      saegor_arrival_simple_a, layout_basic,
          shapermc_ecumenical_altar_starsandcircs
D:2:      layout_basic
D:3:      layout_basic
D:4:      layout_basic, lemuel_zombie_altar_kikubaaqudgha, uniq_duvessa,
          uniq_robin, uniq_ijyb

Skill      XL: |  1  2  3  4  5 |
---------------+----------------+-----
Polearms       | 3 4 5 |  5.0
Fighting       | |  2.1
Throwing       | |  1.0
Armour         | |  1.1
Dodging        | |  1.7
Spellcasting   | |  2.1
Translocations | |  2.6

Action                   |  1- 3 |  4- 6 || total
-------------------------+-------+-------++-------
Melee: Spear             |   132 |   215 ||   347
Throw: Boomerang         |     1 |     4 ||     5
       Dart              |       |     8 ||     8
Armor: Ring mail         |    42 |    63 ||   105
Dodge: Dodged            |    40 |    78 ||   118
